PL
BUCKHEAD BOWTIES @ PORTLAND EVERGREENS
06/23/2034
 
TOP OF THE 1ST
Buckhead Bowties batting - Pitching for Portland Evergreens : LHP Bob Mullinax
Pitching: LHP Bob Mullinax
Batting: LHB José Valéncia 0-0: Ball
1-0: Called Strike
1-1: Ball
2-1: Ball
3-1: Fly out, F8 (Flyball, 8RD)
Batting: RHB Richard Jost 0-0: Foul Ball, location: 2F
0-1: Foul Ball, location: 2F
0-2: SINGLE (Groundball, 56D)
Batting: RHB Derek Bangert 0-0: Foul Ball, location: 2F
0-1: Ball
1-1: Swinging Strike
1-2: Foul Ball, location: 2F
1-2: Strikes out swinging
Batting: LHB Yu-zeng Si 0-0: Called Strike
0-1: Ball
1-1: Ball
2-1: Swinging Strike
2-2: Fly out, F7 (Flyball, 7S)
Top of the 1st over - 0 runs, 1 hit, 0 errors, 1 left on base; Buckhead 0 - Portland 0
BOTTOM OF THE 1ST
Portland Evergreens batting - Pitching for Buckhead Bowties : RHP Octavius Pringle
Pitching: RHP Octavius Pringle
Batting: LHB Chris Payling 0-0: Ball
1-0: Foul Ball, location: 2F
1-1: Ball
2-1: SINGLE (Groundball, 2L) (infield hit)
Batting: SHB Willie McGirt 0-0: Called Strike
0-1: Ball
1-1: Fielders Choice at 2nd, 1-6 (Groundball, P)
Batting: LHB Shahid Afridi 0-0: DOUBLE (Line Drive, 89S)
Willie McGirt to third
Batting: RHB Tae-cho Han 0-0: Ball
1-0: Called Strike
1-1: Ball
2-1: Swinging Strike
2-2: Ball
3-2: Foul Ball, location: 2F
3-2: Reached on error, E4 (Groundball, 4)
Willie McGirt scores
Shahid Afridi to third
Batting: SHB Billy Dotson 0-0: Foul Ball, location: 2F
0-1: Fly out, F6 (Line Drive, 6)
Batting: RHB Mario Castillo 0-0: Ball
1-0: Foul Ball, location: 2F
1-1: Swinging Strike
1-2: Fly out, F7 (Flyball, 78D)
Bottom of the 1st over - 1 run, 2 hits, 1 error, 2 left on base; Buckhead 0 - Portland 1
TOP OF THE 2ND
Buckhead Bowties batting - Pitching for Portland Evergreens : LHP Bob Mullinax
Batting: RHB David Edwards 0-0: Called Strike
0-1: Ball
1-1: Ball
2-1: Foul Ball, location: 2F
2-2: DOUBLE (Line Drive, 9LM)
Batting: LHB Shunso Kiyomizu 0-0: Ball
1-0: Called Strike
1-1: Ball
2-1: SINGLE (Groundball, 34D)
David Edwards to third
Batting: RHB Kevin Baxter 0-0: Ball
1-0: Fielders Choice at 2nd, 4-6 (Groundball, 34)
David Edwards scores
Batting: RHB Raúl Ruíz 0-0: Swinging Strike
0-1: Swinging Strike
0-2: Ball
1-2: Strikes out swinging
Batting: LHB Félix López 0-0: Called Strike
0-1: Swinging Strike
0-2: Ball
1-2: Foul Ball, location: 2F
1-2: Ball
2-2: 2-RUN HOME RUN (Flyball, 89XD), Distance : 409 ft
Batting: LHB José Valéncia 0-0: Called Strike
0-1: Foul Ball, location: 2F
0-2: SINGLE (Popup, 6MD)
Batting: RHB Richard Jost 0-0: Ball
1-0: Ball
2-0: Fly out, F4 (Line Drive, 4M)
Top of the 2nd over - 3 runs, 4 hits, 0 errors, 1 left on base; Buckhead 3 - Portland 1
BOTTOM OF THE 2ND
Portland Evergreens batting - Pitching for Buckhead Bowties : RHP Octavius Pringle
Batting: RHB Nelson Jaramillo 0-0: Ball
1-0: Called Strike
1-1: Ball
2-1: Ground out 5-3 (Groundball, 5)
Batting: LHB John Ennis 0-0: Ball
1-0: Called Strike
1-1: Foul Ball, location: 2F
1-2: Ball
2-2: Foul Ball, location: 2F
2-2: Foul Ball, location: 2F
2-2: Foul Ball, location: 2F
2-2: Fly out, F7 (Flyball, 7S)
Batting: RHB Blaze Alexander 0-0: Called Strike
0-1: Fly out, F6 (Popup, 6S)
Bottom of the 2nd over - 0 runs, 0 hits, 0 errors, 0 left on base; Buckhead 3 - Portland 1
TOP OF THE 3RD
Buckhead Bowties batting - Pitching for Portland Evergreens : LHP Bob Mullinax
Batting: RHB Derek Bangert 0-0: Ball
1-0: Foul Ball, location: 2F
1-1: Ball
2-1: DOUBLE (Flyball, 8LXD)
Batting: LHB Yu-zeng Si 0-0: Ball
1-0: Called Strike
1-1: Foul Ball, location: 2F
1-2: Strikes out swinging
Batting: RHB David Edwards 0-0: Called Strike
0-1: Swinging Strike
0-2: Strikes out looking
Batting: LHB Shunso Kiyomizu 0-0: Ball
1-0: Ground out U3 (Groundball, 3S)
Top of the 3rd over - 0 runs, 1 hit, 0 errors, 1 left on base; Buckhead 3 - Portland 1
BOTTOM OF THE 3RD
Portland Evergreens batting - Pitching for Buckhead Bowties : RHP Octavius Pringle
Batting: LHB Chris Payling 0-0: Ground out 6-3 (Groundball, 6)
Batting: SHB Willie McGirt 0-0: Ball
1-0: Ball
2-0: Foul Ball, location: 2F
2-1: Foul Ball, location: 2F
2-2: Ball
3-2: Foul Ball, location: 2F
3-2: Foul Ball, location: 2F
3-2: SINGLE (Line Drive, 9LS)
Batting: LHB Shahid Afridi 0-0: 2-RUN HOME RUN (Flyball, 9D), Distance : 392 ft
Batting: RHB Tae-cho Han 0-0: Ball
1-0: Foul Ball, location: 2F
1-1: Ball
2-1: Fly out, F5 (Popup, 56)
Batting: SHB Billy Dotson 0-0: Foul Ball, location: 2F
0-1: Ball
1-1: Foul Ball, location: 2F
1-2: SOLO HOME RUN (Line Drive, 78XD), Distance : 424 ft
Batting: RHB Mario Castillo 0-0: Ball
1-0: Fly out, F9 (Flyball, 9D)
Bottom of the 3rd over - 3 runs, 3 hits, 0 errors, 0 left on base; Buckhead 3 - Portland 4
TOP OF THE 4TH
Buckhead Bowties batting - Pitching for Portland Evergreens : LHP Bob Mullinax
Batting: RHB Kevin Baxter 0-0: Ball
1-0: Ball
2-0: Ball
3-0: Ground out 1-3 (Groundball, 13)
Batting: RHB Raúl Ruíz 0-0: Foul Ball, location: 2F
0-1: Ground out 5-3 (Groundball, 56S)
Batting: LHB Félix López 0-0: Ball
1-0: Foul Ball, location: 2F
1-1: Ball
2-1: Foul Ball, location: 2F
2-2: Ball
3-2: Base on Balls
Batting: LHB José Valéncia 0-0: Ball
1-0: Foul Ball, location: 2F
1-1: Swinging Strike
1-2: Ball
2-2: Strikes out swinging
Top of the 4th over - 0 runs, 0 hits, 0 errors, 1 left on base; Buckhead 3 - Portland 4
BOTTOM OF THE 4TH
Portland Evergreens batting - Pitching for Buckhead Bowties : RHP Octavius Pringle
Batting: RHB Nelson Jaramillo 0-0: Foul Ball, location: 2F
0-1: Ball
1-1: Foul Ball, location: 2F
1-2: Ball
2-2: Ball
3-2: Fly out, F7 (Flyball, 7)
Batting: LHB John Ennis 0-0: Called Strike
0-1: Swinging Strike
0-2: Strikes out swinging
Batting: RHB Blaze Alexander 0-0: Foul Ball, location: 2F
0-1: Ball
1-1: Swinging Strike
1-2: TRIPLE (Flyball, 9D)
Batting: LHB Chris Payling 0-0: Ball
1-0: Called Strike
1-1: Ball
2-1: DOUBLE (Line Drive, 78D)
Blaze Alexander scores
Batting: SHB Willie McGirt 0-0: Ball
1-0: Foul Ball, location: 2F
1-1: Ball
2-1: DOUBLE (Line Drive, 89M)
Chris Payling scores
Batting: LHB Shahid Afridi 0-0: Ball
1-0: Ball
2-0: Called Strike
2-1: Swinging Strike
2-2: Fly out, F9 (Line Drive, 9LD)
Bottom of the 4th over - 2 runs, 3 hits, 0 errors, 1 left on base; Buckhead 3 - Portland 6
TOP OF THE 5TH
Buckhead Bowties batting - Pitching for Portland Evergreens : LHP Bob Mullinax
Batting: RHB Richard Jost 0-0: Ground out 4-3 (Groundball, 4)
Batting: RHB Derek Bangert 0-0: Ball
1-0: Ball
2-0: Ball
3-0: Called Strike
3-1: SINGLE (Line Drive, 34D)
Pitching: RHP Cristián Moreno
Batting: LHB Yu-zeng Si 0-0: Called Strike
0-1: Ball
1-1: Fly out, F6 (Popup, 6D)
Batting: RHB David Edwards 0-0: Called Strike
0-1: SINGLE (Flyball, 8LS)
Derek Bangert to second
Runner from 2nd tries for 3rd, SAFE, no throw
Batting: LHB Shunso Kiyomizu 0-0: Ball
1-0: Foul Ball, location: 2F
Error on foul ball, E5
1-2: Ball
2-2: Ball
3-2: Foul Ball, location: 2F
3-2: Fly out, F8 (Flyball, 8RXD)
Top of the 5th over - 0 runs, 2 hits, 1 error, 2 left on base; Buckhead 3 - Portland 6
BOTTOM OF THE 5TH
Portland Evergreens batting - Pitching for Buckhead Bowties : RHP Octavius Pringle
Batting: RHB Tae-cho Han 0-0: Ball
1-0: Ball
2-0: Ball
3-0: Called Strike
3-1: SOLO HOME RUN (Flyball, 7LD), Distance : 505 ft
Batting: SHB Billy Dotson 0-0: Fly out, F8 (Flyball, 8LS)
Batting: RHB Mario Castillo 0-0: Ball
1-0: Fly out, F9 (Flyball, 9LSF)
Batting: RHB Nelson Jaramillo 0-0: Foul Ball, location: 2F
0-1: Ball
1-1: Ball
2-1: Ground out 6-3 (Groundball, 6S)
Bottom of the 5th over - 1 run, 1 hit, 0 errors, 0 left on base; Buckhead 3 - Portland 7
TOP OF THE 6TH
Buckhead Bowties batting - Pitching for Portland Evergreens : RHP Cristián Moreno
Batting: RHB Kevin Baxter 0-0: Ball
1-0: Swinging Strike
1-1: Swinging Strike
1-2: Foul Ball, location: 2F
1-2: Strikes out swinging
Batting: RHB Raúl Ruíz 0-0: Ball
1-0: Ball
2-0: Called Strike
2-1: Swinging Strike
2-2: Ball
3-2: Strikes out swinging
Batting: LHB Félix López 0-0: Ball
1-0: Ball
2-0: Called Strike
2-1: Ball
3-1: Base on Balls
Batting: LHB José Valéncia 0-0: Ball
1-0: Ball
2-0: Fly out, F8 (Flyball, 89D)
Top of the 6th over - 0 runs, 0 hits, 0 errors, 1 left on base; Buckhead 3 - Portland 7
BOTTOM OF THE 6TH
Portland Evergreens batting - Pitching for Buckhead Bowties : RHP Octavius Pringle
Pitching: LHP Yajirobei Otomo
Batting: LHB John Ennis 0-0: Ball
1-0: Ball
2-0: Ball
3-0: Called Strike
3-1: Fly out, F8 (Flyball, 8LM)
Batting: RHB Blaze Alexander 0-0: Called Strike
0-1: Ball
1-1: Swinging Strike
1-2: Ball
2-2: Strikes out swinging
Batting: LHB Chris Payling 0-0: Ground out 4-3 (Groundball, 4)
Bottom of the 6th over - 0 runs, 0 hits, 0 errors, 0 left on base; Buckhead 3 - Portland 7
TOP OF THE 7TH
Buckhead Bowties batting - Pitching for Portland Evergreens : RHP Cristián Moreno
Batting: RHB Richard Jost 0-0: Called Strike
0-1: Foul Ball, location: 2F
0-2: Ball
1-2: Ball
2-2: Foul Ball, location: 2F
2-2: Strikes out swinging
Batting: RHB Derek Bangert 0-0: Ball
1-0: Ball
2-0: SOLO HOME RUN (Flyball, 78XD), Distance : 407 ft
Pitching: RHP Keith Rojas
Batting: LHB Yu-zeng Si 0-0: Ball
1-0: Ball
2-0: Called Strike
2-1: Foul Ball, location: 2F
2-2: Ball
3-2: Base on Balls
Batting: RHB David Edwards 0-0: Ball
1-0: Ball
2-0: Foul Ball, location: 2F
2-1: Ball
3-1: Foul Ball, location: 2F
3-2: Foul Ball, location: 2F
3-2: Fly out, F7 (Flyball, 7)
Batting: LHB Shunso Kiyomizu 0-0: Ball
1-0: Called Strike
1-1: Ball
2-1: Ball
3-1: Fly out, F8 (Flyball, 8LS)
Top of the 7th over - 1 run, 1 hit, 0 errors, 1 left on base; Buckhead 4 - Portland 7
BOTTOM OF THE 7TH
Portland Evergreens batting - Pitching for Buckhead Bowties : LHP Yajirobei Otomo
Batting: SHB Willie McGirt 0-0: Foul Ball, location: 2F
0-1: Foul Ball, location: 2F
0-2: Strikes out looking
Batting: LHB Shahid Afridi 0-0: Foul Ball, location: 2F
0-1: Ground out 4-3 (Groundball, 4D)
Batting: RHB Tae-cho Han 0-0: Ball
1-0: Ball
2-0: Fly out, F8 (Flyball, 8RXD)
Bottom of the 7th over - 0 runs, 0 hits, 0 errors, 0 left on base; Buckhead 4 - Portland 7
TOP OF THE 8TH
Buckhead Bowties batting - Pitching for Portland Evergreens : RHP Keith Rojas
Batting: RHB Kevin Baxter 0-0: Fly out, F8 (Flyball, 8RS)
Batting: RHB Raúl Ruíz 0-0: Called Strike
0-1: Ball
1-1: Fly out, F7 (Flyball, 7S)
Batting: LHB Félix López 0-0: Ball
1-0: Ball
2-0: Ball
3-0: Called Strike
3-1: SINGLE (Groundball, 56D)
Pitching: RHP César Albó
Batting: LHB José Valéncia 0-0: Ball
1-0: Foul Ball, location: 2F
1-1: Called Strike
1-2: Ball
Passed Ball!
Félix López to second
2-2: Ground out U3 (Groundball, 3L)
Top of the 8th over - 0 runs, 1 hit, 0 errors, 1 left on base; Buckhead 4 - Portland 7
BOTTOM OF THE 8TH
Portland Evergreens batting - Pitching for Buckhead Bowties : LHP Yajirobei Otomo
Batting: SHB Billy Dotson 0-0: Called Strike
0-1: Ball
1-1: Ground out 1-3 (Groundball, 15S)
Batting: RHB Mario Castillo 0-0: Called Strike
0-1: Swinging Strike
0-2: Ball
1-2: Foul Ball, location: 2F
1-2: Ball
2-2: Ball
3-2: Foul Ball, location: 2F
3-2: Ground out 5-3 (Groundball, 56)
Batting: RHB Nelson Jaramillo 0-0: Ball
1-0: Foul Ball, location: 2F
1-1: Fly out, F4 (Flyball, 4MD)
Bottom of the 8th over - 0 runs, 0 hits, 0 errors, 0 left on base; Buckhead 4 - Portland 7
TOP OF THE 9TH
Buckhead Bowties batting - Pitching for Portland Evergreens : RHP César Albó
Batting: RHB Richard Jost 0-0: Ball
1-0: Ball
2-0: SINGLE (Flyball, 7LS)
Batting: RHB Derek Bangert 0-0: Foul Ball, location: 2F
0-1: Swinging Strike
0-2: Ball
1-2: Fly out, F8 (Flyball, 8RD)
Batting: LHB Yu-zeng Si 0-0: Foul Ball, location: 2F
0-1: DOUBLE (Line Drive, 89XD)
Richard Jost to third
Batting: RHB David Edwards 0-0: Called Strike
0-1: Called Strike
0-2: Strikes out looking
Batting: LHB Shunso Kiyomizu 0-0: Called Strike
0-1: Ground out 4-3 (Groundball, 4)
Top of the 9th over - 0 runs, 2 hits, 0 errors, 2 left on base; Buckhead 4 - Portland 7
Friday, March 29th, 2019 - OOTP Baseball 18.8 Build 76